 Dungeon Crawl Stone Soup version 0.25.1-8-g42b30a86e7 (webtiles) character file.

Game seed: 5736846839932606747

5484 hawla the Severer (level 10, -4/74 HPs)
             Began as a Minotaur Gladiator on Dec 17, 2020.
             Was a Follower of Ashenzari.
             Slain by a komodo dragon (23 damage)
             ... on level 9 of the Dungeon.
             The game lasted 00:21:11 (8596 turns).

hawla the Severer (Minotaur Gladiator)              Turns: 8596, Time: 00:21:12

Health: -4/74      AC:  7    Str: 19    XL:     10   Next: 42%
Magic:  11/11      EV: 16    Int:  8    God:    Ashenzari [*.....]
Gold:   321        SH:  0    Dex: 14    Spells: 11/12 levels left

rFire    . . .     SeeInvis .   a - +0 war axe
rCold    + . .     Gourm    .   (no shield)
rNeg     . . .     Faith    .   K - +0 troll leather armour
rPois    +         Spirit   .   c - +0 hat
rElec    .         Reflect  .   u - +0 cloak (curse)
rCorr    .         Harm     .   n - +0 pair of gloves
MR       .....                  y - +0 pair of boots
Stlth    +.........             G - amulet of regeneration
HPRegen  1.02/turn              m - ring of flight (curse)
MPRegen  0.12/turn              g - ring of protection from cold

@: no status effects
A: retaliatory headbutt, horns 2, agile 1, poison resistance
a: Curse Item, Scrying, Renounce Religion, Evoke Flight


You were on level 9 of the Dungeon.
You worshipped Ashenzari.
Ashenzari was aware of your devotion.
You were hungry.

You visited 2 branches of the dungeon, and saw 10 of its levels.

You collected 321 gold pieces.

Inventory:

Hand Weapons
 a - a +0 war axe (weapon)
Missiles
 d - a poisoned dart (quivered)
Armour
 b - the cursed +0 robe of Death Resistance {+Blink Str-3 Int+3 Dex+5}
   (You found it on level 8 of the Dungeon)

   It affects your strength (-3).
   It affects your intelligence (+3).
   It affects your dexterity (+5).
   It lets you blink.
   It has a curse placed upon it.
 c - a +0 hat (worn)
 n - a +0 pair of gloves (worn)
 t - a +1 chain mail of fire resistance
 u - a cursed +0 cloak (worn)
 y - a +0 pair of boots (worn)
 K - a +0 troll leather armour (worn)
Jewellery
 g - a ring of protection from cold (right hand)
 m - a cursed ring of flight (left hand)
 x - an uncursed ring of protection from fire
 E - an uncursed ring of protection from fire
 G - an amulet of regeneration (around neck)
Wands
 p - a wand of polymorph (8)
 r - a wand of random effects (19)
 z - a wand of clouds (2)
 A - a wand of flame (12)
 D - a wand of digging (1)
 J - a wand of acid (4)
Scrolls
 e - a scroll of identify
 i - 4 scrolls of enchant weapon
 j - 3 scrolls of teleportation
 k - a scroll of remove curse
 o - a scroll of magic mapping
 s - 4 scrolls of blinking
 w - a scroll of enchant armour {unknown}
 H - a scroll of immolation {unknown}
Potions
 h - 2 potions of curing
 l - 3 potions of haste
 q - 2 potions of lignification
 v - 2 potions of stabbing
 B - 2 potions of magic {unknown}
 C - a potion of cancellation {unknown}
 F - a potion of heal wounds
 L - a potion of flight {unknown}
Comestibles
 f - 17 rations
 I - 4 chunks of flesh


   Skills:
 - Level 2.4 Fighting
 - Level 16.0 Axes
 - Level 2.0 Throwing
 + Level 6.9 Dodging
 + Level 1.6 Spellcasting
 + Level 1.9 Translocations


You had 11 spell levels left.
You knew the following spells:

 Your Spells              Type           Power        Failure   Level  Hunger
a - Apportation           Tloc           #.....       21%         1    ##.....

Your spell library contained the following spells:

 Spells                   Type           Power        Failure   Level  Hunger
 Sandblast                Erth           #.....       41%         1    ##.....
 Summon Butterflies       Summ           #.......     41%         1    ##.....
 Lesser Beckoning         Tloc           #.........   52%         3    ####...
 Passwall                 Tmut/Erth      #.......     54%         2    ###....
 Stone Arrow              Conj/Erth      #.....       78%         3    ####...
 Tukima's Dance           Hex            #.......     78%         3    ####...
 Petrify                  Tmut/Erth      #.......     99%         4    #####..
 Alistair's Intoxication  Tmut/Pois      #.......     100%        5    ######.
 Lee's Rapid Deconstruct  Erth           #.........   100%        5    ######.
 Invisibility             Hex            #.......     100%        6    #######


Dungeon Overview and Level Annotations

Branches:
Dungeon (9/15)             Temple (1/1) D:7             Orc (0/2) D:9
   Lair: D:8-11

Altars:
Ashenzari
Cheibriados
Dithmenos
Fedhas
Gozag
Hepliaklqana
Kikubaaqudgha
Makhleb
Nemelex Xobeh
Okawaru
Qazlal
Ru
Sif Muna
Trog
Uskayaw
Vehumet
Wu Jian
Xom
Yredelemnul
Zin
The Shining One

Annotations:
D:3 1 runed translucent door, growler's ghost, amateur DrTm


Innate Abilities, Weirdness & Mutations

You reflexively headbutt those who attack you in melee.
You have a pair of horns on your head.
You are agile. (Dex +2)
Your system is resistant to poisons. (rPois)


Message History

The komodo dragon looks more healthy.
Throwing (i - inventory)
d - 2 poisoned darts (quivered)
Press: ? - help, Shift-Dir - straight line, f/p - komodo dragon
Aim: a komodo dragon (severely wounded)
You throw a poisoned dart.
The poisoned dart hits the komodo dragon.
The komodo dragon is poisoned.
The komodo dragon is severely wounded.
The komodo dragon barely misses you.
You hit the komodo dragon.
You headbutt the komodo dragon, but do no damage.
The komodo dragon is severely wounded.
The komodo dragon bites you.
* * * LOW HITPOINT WARNING * * *
You closely miss the komodo dragon.
The komodo dragon is almost dead.
You hit the komodo dragon. You headbutt the komodo dragon.
The komodo dragon is almost dead.
The komodo dragon bites you!!
You die...

####### # #_#_#_##
#_.#.#.#.#.8##
#(...(....l@#
#_.........†.#######
#..#.#.#.#.8........
## #.#_#####........
#########........
#................
.....=...........
.................
.................


You could see a komodo dragon (poisoned).

Vanquished Creatures
  A two-headed ogre (D:9)
  Maurice (D:8)
  A moth of wrath (D:7)
  2 trolls
  A spriggan (D:7)
  6 yaks (D:9)
  A hungry ghost (D:8)
  An orc warrior (D:7)
  A sky beast (D:9)
  A black bear (D:7)
  A hornet zombie (D:9)
  2 phantoms
  3 ogres
  A centaur (D:7)
  2 bullfrogs
  4 scorpions
  6 killer bees (D:7)
  A bullfrog zombie (D:9)
  3 crimson imps
  5 hounds
  5 orc wizards
  3 jellies
  2 orc priests
  A bullfrog skeleton (D:6)
  A centaur skeleton (D:7)
  Jessica (D:3)
  3 iguanas
  Terence (D:3)
  3 worker ants
  3 hound skeletons
  A howler monkey zombie (D:8)
  A worker ant zombie (D:5)
  6 gnolls
  11 adders
  2 howler monkey skeletons
  3 shadow imps
  2 oozes
  2 adder zombies
  5 worms
  3 dart slugs
  5 leopard geckos
  8 orcs
  3 giant cockroaches
  4 goblins
  5 hobgoblins
  6 jackals
  5 quokkas
  A ball python skeleton (D:4)
  6 bats
  6 frilled lizards
  6 kobolds
  12 rats
170 creatures vanquished.

Notes
Turn   | Place    | Note
-------+----------+-------------------------------------------
     0 | D:1      | hawla the Minotaur Gladiator began the quest for the Orb.
     0 | D:1      | Reached XP level 1. HP: 18/18 MP: 0/0
    62 | D:1      | Reached skill level 4 in Axes
   346 | D:1      | Reached XP level 2. HP: 25/25 MP: 1/1
   390 | D:1      | Found a shimmering altar of Xom.
   836 | D:1      | Reached skill level 5 in Axes
   967 | D:1      | Reached XP level 3. HP: 30/30 MP: 2/2
  1447 | D:2      | Noticed a scorpion
  1459 | D:2      | Killed a scorpion
  1459 | D:2      | Reached skill level 6 in Axes
  1459 | D:2      | Reached XP level 4. HP: 24/37 MP: 3/3
  2028 | D:3      | Reached skill level 7 in Axes
  2028 | D:3      | Reached XP level 5. HP: 22/42 MP: 4/4
  2170 | D:3      | Found a runed translucent door.
  2171 | D:3      | Noticed growler's ghost (amateur DrTm)
  2333 | D:3      | Noticed Terence
  2339 | D:3      | Killed Terence
  2635 | D:3      | Reached skill level 8 in Axes
  2641 | D:3      | Reached XP level 6. HP: 37/50 MP: 5/5
  2825 | D:3      | Noticed Jessica
  2837 | D:3      | Killed Jessica
  2838 | D:3      | HP: 2/50 [ogre/+0 giant club (12)]
  2850 | D:3      | Reached skill level 9 in Axes
  3765 | D:4      | Found a radiant altar of Vehumet.
  3912 | D:5      | Entered Level 5 of the Dungeon
  4132 | D:5      | Reached XP level 7. HP: 52/56 MP: 6/6
  4327 | D:5      | Reached skill level 10 in Axes
  4347 | D:5      | Found a basalt altar of Yredelemnul.
  4350 | D:5      | Noticed a profane servitor
  4363 | D:5      | Found a glowing golden altar of the Shining One.
  4365 | D:5      | Noticed an angel
  5313 | D:6      | Reached skill level 11 in Axes
  5778 | D:7      | Noticed a spriggan baker
  5793 | D:7      | Killed a spriggan baker
  5793 | D:7      | Reached XP level 8. HP: 50/62 MP: 7/7
  5842 | D:7      | Reached skill level 12 in Axes
  5886 | D:7      | Reached skill level 13 in Axes
  5917 | D:7      | Found a staircase to the Ecumenical Temple.
  5959 | Temple   | Entered the Ecumenical Temple
  6218 | Temple   | Became a worshipper of Ashenzari the Shackled
  6533 | D:7      | Noticed a moth of wrath
  6536 | D:7      | Found a bloodstained altar of Trog.
  6575 | D:7      | Killed a moth of wrath
  6575 | D:7      | Reached skill level 14 in Axes
  6575 | D:7      | Reached XP level 9. HP: 33/68 MP: 8/8
  7075 | D:8      | Gained mutation: You are agile. (Dex +2) [potion of
                  | mutation]
  7075 | D:8      | Gained mutation: Your system is resistant to poisons.
                  | (rPois) [potion of mutation]
  7201 | D:8      | Found a hazy altar of Hepliaklqana.
  7246 | D:8      | Found an opulent altar of Gozag.
  7437 | D:8      | Noticed Maurice
  7600 | D:8      | Reached skill level 15 in Axes
  7770 | D:8      | Reached * piety under Ashenzari
  7776 | D:8      | Got the cursed robe of Death Resistance {+Blink Str-3 Int+3
                  | Dex+5}
  7816 | D:8      | Found a shadowy altar of Dithmenos.
  7863 | D:8      | Killed Maurice
  8022 | D:9      | Found a staircase to the Orcish Mines.
  8047 | D:9      | Reached skill level 16 in Axes
  8055 | D:9      | Reached skill level 5 in Dodging
  8055 | D:9      | Reached XP level 10. HP: 17/74 MP: 9/9
  8220 | D:9      | Noticed a two-headed ogre
  8238 | D:8      | Learned a level 1 spell: Apportation
  8410 | D:9      | Reached skill level 1 in Translocations
  8429 | D:9      | Killed a two-headed ogre
  8429 | D:9      | Reached skill level 1 in Spellcasting
  8548 | D:9      | Found an iron altar of Okawaru.
  8548 | D:9      | Found a burning altar of Makhleb.
  8578 | D:9      | Found a snail-covered altar of Cheibriados.
  8578 | D:9      | Found a stormy altar of Qazlal.
  8578 | D:9      | Found a hide-covered altar of Uskayaw.
  8579 | D:9      | Found a glowing silver altar of Zin.
  8596 | D:9      | Slain by a komodo dragon

Illustrated notes

Levels and vault maps discovered:
D:1:      minmay_arrival_semitransparent, layout_basic, minmay_misc_feat_tiny,
          xom_teletrap_fun
D:2:      layout_rooms, first_ration
D:3:      layout_basic, ebering_ghost_reflecting_pool, uniq_terence,
          uniq_jessica
D:4:      layout_basic, kennysheep_mini
D:5:      layout_basic, grunt_temple_overflow_holy_war, minmay_misc_feat_room
D:6:      layout_loops_ring
D:7:      layout_loops_cross, temple_statues, the_bakery, tgw_trog
D:8:      layout_basic, old_standard_altar, basic_altar,
          grunt_dithmenos_shadows, uniq_maurice
D:9:      layout_basic, elyvilon_altar_4, minitemple, orc_0_dummy, uniq_erica
Temple:   compressed_dpeg_triangle_lava_temple

Skill      XL: |  1  2  3  4  5  6  7  8  9 10 |
---------------+-------------------------------+-----
Axes           | 4 5 6 7 8 9 11 14 16 | 16.0
Dodging        | 5 6 |  6.9
Translocations | 1 |  1.9
Spellcasting   | 1 |  1.6
Fighting       | |  2.4
Throwing       | |  2.0

Action                   |  1- 3 |  4- 6 |  7- 9 | 10-12 || total
-------------------------+-------+-------+-------+-------++-------
Melee: War axe           |    64 |   125 |   290 |    62 ||   541
       Headbutt          |     9 |    16 |    46 |    12 ||    83
Throw: Throwing net      |       |     3 |       |       ||     3
       Boomerang         |       |     2 |    25 |       ||    27
       Dart              |       |       |     3 |     8 ||    11
 Cast: Apportation       |       |       |       |     1 ||     1
Evoke: Wand              |       |       |     3 |       ||     3
  Use: Potion            |     1 |     3 |     3 |       ||     7
       Scroll            |       |    11 |     3 |       ||    14
 Stab: Held in net/web   |       |     1 |       |       ||     1
       Confused          |       |       |     2 |       ||     2
  Eat: Chunk             |     2 |     5 |    15 |       ||    22
       Ration            |       |     1 |     2 |       ||     3
Armor: Leather armour    |    14 |     1 |       |       ||    15
       Chain mail        |       |    70 |   142 |    16 ||   228
       Skin              |       |       |     9 |       ||     9
       Troll leather arm |       |       |       |     4 ||     4
Dodge: Dodged            |    50 |    49 |   112 |    37 ||   248
